 Dungeon Crawl Stone Soup version 0.29.1-12-g30fa7ad0bf (webtiles) character file.

Game seed: 5803483602895570323

372 boopmooplesden the Covered (level 6, -2/53 HPs)
             Began as a Minotaur Fighter on Jan 5, 2023.
             Was an Initiate of Okawaru.
             Slain by an orc
             ... wielding a +0 flail
              (8 damage)
             ... on level 4 of the Dungeon.
             The game lasted 00:06:28 (4170 turns).

boopmooplesden the Covered (Minotaur Fighter)       Turns: 4170, Time: 00:06:29

Health: -2/53      AC: 12    Str: 20    XL:     6   Next: 43%
Magic:  5/5        EV:  6    Int:  5    God:    Okawaru [......]
Gold:   206        SH:  5    Dex: 12    Spells: 5/5 levels left

rFire   . . .      SeeInvis .   a - +1 long sword
rCold   . . .      Faith    .   c - +0 buckler
rNeg    . . .      Spirit   .   t - +0 plate armour
rPois   .          Reflect  .   (helmet restricted)
rElec   .          Harm     .   (no cloak)
rCorr   .          Rampage  .   (no gloves)
Will    .....                   (no boots)
Stlth   ..........              (no amulet)
HPRegen 0.17/turn               (no ring)
MPRegen 0.09/turn               (no ring)

@: no status effects
A: horns 2, retaliatory headbutt
a: Renounce Religion


You were on level 4 of the Dungeon.
You worshipped Okawaru.
Okawaru was noncommittal.
You visited 1 branch of the dungeon, and saw 4 of its levels.
You also visited: Sewer.

You collected 206 gold pieces.

Inventory:

Hand Weapons
 a - a +1 long sword (weapon)
Armour
 c - a +0 buckler (worn)
 t - a +0 plate armour (worn)
Jewellery
 b - an amulet of faith
Scrolls
 d - 2 scrolls of identify
 e - a scroll of amnesia
 k - 2 scrolls of teleportation
 o - a scroll of fear
Potions
 g - 2 potions of ambrosia
 i - 3 potions of curing
 j - 2 potions of mutation {unknown}
 l - a potion of haste {unknown}
 m - a potion of magic {unknown}
 n - a potion of heal wounds {unknown}
 r - 6 potions of flight


   Skills:
 + Level 4.6 Fighting
 + Level 4.6 Long Blades
 + Level 5.8 Armour
 + Level 1.7 Dodging
 + Level 0.3 Stealth
 + Level 4.9 Shields


You had 5 spell levels left.
You didn't know any spells.
Your spell library contained the following spells:

 Spells                   Type           Power      Damage    Failure   Level
 Sublimation of Blood     Necr           0%         N/A       100%        2
 Gell's Gravitas          Tloc           0%         N/A       100%        3
 Inner Flame              Hex/Fire       0%         N/A       100%        3
 Teleport Other           Tloc           0%         N/A       100%        3
 Cause Fear               Hex            0%         N/A       100%        4
 Petrify                  Tmut/Erth      0%         N/A       100%        4
 Irradiate                Conj/Tmut      0%         3d11      100%        5
 Dispersal                Tloc           0%         N/A       100%        6
 Discord                  Hex            0%         N/A       100%        8
 Chain Lightning          Conj/Air       0%         N/A       100%        9
 Fire Storm               Conj/Fire      0%         5d1       100%        9
 Shatter                  Erth           0%         3d5*      100%        9


Dungeon Overview and Level Annotations

Branches:
Dungeon (4/15)              Sewer (visited)
 Temple: D:4-7

Altars:
Cheibriados
Makhleb
Okawaru
Vehumet
The Shining One


Innate Abilities, Weirdness & Mutations

You have a pair of horns on your head.
You reflexively headbutt those who attack you in melee.


Message History

The puff of flame hits you. The orc hits you but does no damage. x2
Things that are here:
a +0 dagger; a +0 robe; an orc corpse You hit the orc wizard.
You headbutt the orc wizard.
The orc wizard is heavily wounded.
The orc hits you but does no damage. The orc wizard barely misses you.
The orc closely misses you. The orc barely misses you.
The orc hits you with a +0 flail!
The orc wizard hits you but does no damage.
The orc hits you but does no damage. x2
You hit the orc wizard. You headbutt the orc wizard.
You kill the orc wizard!
Okawaru accepts your kill. The orc barely misses you. You furiously retaliate!
You headbutt the orc. You block the orc's attack.
The orc hits you but does no damage. You block the orc's attack.
The orc closely misses you. x2
Things that are here:
a +0 dagger; a +0 robe The orc hits you with a +0 flail.
The orc hits you but does no damage.
You hit the orc. You headbutt the orc.
The orc is heavily wounded.
The orc hits you with a +0 flail. You block the orc's attack.
The orc hits you but does no damage.
You hit the orc.
You kill the orc!
Okawaru accepts your kill.
The orc hits you with a +0 hand axe of freezing.
* * * LOW HITPOINT WARNING * * *
The orc freezes you.
* * * LOW HITPOINT WARNING * * *
The orc hits you but does no damage.
You hit the orc but do no damage. Your headbutt misses the orc.
The orc is lightly wounded.
The orc hits you but does no damage. The orc hits you with a +0 flail.
* * * LOW HITPOINT WARNING * * *
You barely miss the orc. The orc barely misses you.
The orc hits you with a +0 flail.
* * * LOW HITPOINT WARNING * * *
The orc hits you with a +0 flail!
You die...

#.........#
#....#
#.......###
##. +.....
#.......# ...
#....#
#.......# #.#
#....#
#.......# #..#
####.#
####..#.###..#
#.#
#)....)...#
#.#
#.##.oo)..#
+.#
#.....@...#
###
###>..........
#.......#...
#.#####.# ..
#. .# . #. .#


You could see 2 orcs.

Vanquished Creatures
  An orc priest (D:3)
  Terence (D:2)
  3 orc wizards
  5 adders
  4 gnolls (D:2)
  4 river rats (Sewer)
  5 worms
  3 dart slugs
  12 orcs
  11 ball pythons
  6 endoplasms
  2 giant cockroaches (Sewer)
  6 goblins
  2 hobgoblins
  4 jackals
  5 quokkas
  14 bats
  4 frilled lizards
  5 kobolds
  6 rats
103 creatures vanquished.

Notes
Turn   | Place    | Note
-------+----------+-------------------------------------------
     0 | D:1      | boopmooplesden the Minotaur Fighter began the quest for the
                  | Orb.
     0 | D:1      | Reached XP level 1. HP: 19/19 MP: 0/0
    98 | D:1      | Reached XP level 2. HP: 27/27 MP: 1/1
   146 | D:1      | Found a faded altar of an unknown god.
   319 | D:1      | Reached skill level 4 in Armour
   540 | D:1      | Found a glowing golden altar of the Shining One.
   645 | D:2      | Reached XP level 3. HP: 27/33 MP: 2/2
   908 | D:2      | Reached XP level 4. HP: 34/40 MP: 3/3
  1133 | D:2      | Found a burning altar of Makhleb.
  1211 | D:2      | Noticed Terence
  1224 | D:2      | Killed Terence
  1225 | D:2      | Reached skill level 1 in Dodging
  1715 | D:3      | Reached XP level 5. HP: 21/46 MP: 4/4
  1873 | D:3      | Found an iron altar of Okawaru.
  1892 | D:3      | Became a worshipper of Warmaster Okawaru
  1910 | D:3      | Found a radiant altar of Vehumet.
  1933 | D:3      | Reached skill level 5 in Armour
  2093 | D:3      | Found a glowing drain.
  2102 | Sewer    | Entered a sewer
  3132 | Sewer    | Reached XP level 6. HP: 48/53 MP: 5/5
  3612 | D:3      | Found a snail-covered altar of Cheibriados.
  4170 | D:4      | Slain by an orc

Illustrated notes

Levels and vault maps discovered:
D:1:      dpeg_arrival_lava_altar, layout_rooms,
          hellmonk_ecumenical_altar_inner_sanctum
D:2:      layout_loops_cross, basic_altar, serial_aquarium,
          aquarium_bridge_square [aquarium_subvault_wall,
          aquarium_subvault_window, aquarium_subvault_bridge,
          aquarium_subvault_wall], aquarium_bridge_square
          [aquarium_subvault_wall, aquarium_subvault_wall,
          aquarium_subvault_bridge, aquarium_subvault_bridge],
          aquarium_window_fake, aquarium_window_corner, aquarium_view_2c,
          uniq_terence
D:3:      layout_basic, okawaru_trees_1, mainiacjoe_overflow_24_doors,
          mainiacjoe_overflow_surrounded_room, cheibrodos_sewer_entry_bend
D:4:      layout_basic

Skill      XL: |  1  2  3  4  5 |
---------------+----------------+-----
Shields        | 4 |  4.9
Armour         | 4 5 |  5.8
Fighting       | 4 |  4.6
Long Blades    | 3 4 |  4.6
Dodging        | 1 |  1.7
Stealth        | |  0.3

Action                   |  1- 3 |  4- 6 || total
-------------------------+-------+-------++-------
Melee: Long sword        |    61 |   207 ||   268
       Headbutt          |    11 |    30 ||    41
  Use: Potion            |       |     2 ||     2
       Scroll            |       |     9 ||     9
Armor: Scale mail        |    37 |     8 ||    45
       Chain mail        |       |   150 ||   150
       Plate armour      |       |    19 ||    19
Dodge: Dodged            |    38 |   116 ||   154
Block: Buckler           |    19 |    68 ||    87
